 Dungeon Crawl Stone Soup version 0.19-a0-36-g4a0968a (webtiles) character file.

520 ololoev the Chopper (level 7, -22/57 HPs)
             Began as a Hill Orc Fighter on May 4, 2016.
             Was an Initiate of Elyvilon.
             Annihilated by an ogre
             ... wielding a +0 giant club
              (23 damage)
             ... on level 4 of the Dungeon.
             The game lasted 00:06:00 (3482 turns).

ololoev the Chopper (Hill Orc Fighter)              Turns: 3482, Time: 00:06:01

Health: -22/57     AC:  7    Str: 21    XL:     7   Next: 21%
Magic:  9/9        EV:  9    Int:  8    God:    Elyvilon [......]
Gold:   137        SH:  0    Dex: 10    Spells: 0 memorised, 6 levels left

rFire  . . .     SeeInvis .     a - +0 war axe
rCold  . . .     Gourm    .     b - +0 scale mail
rNeg   . . .     Faith    .     (no shield)
rPois  .         Spirit   .     (no helmet)
rElec  .         Dismiss  .     (no cloak)
rCorr  .         Reflect  .     (no gloves)
SustAt .         Harm     .     (no boots)
MR     .....                    (no amulet)
Stlth  ..........               (no ring)
                                (no ring)

@: not resistant to hostile enchantments, extremely unstealthy
A: no striking features
a: Renounce Religion

Inventory:

Hand Weapons
 a - a +0 war axe (weapon)
Armour
 b - a +0 scale mail (worn)
 c - a +0 shield
Wands
 o - a wand of iceblast (10/15)
Scrolls
 e - 3 scrolls of remove curse {unknown}
 i - a scroll of amnesia {unknown}
 j - a scroll of teleportation {unknown}
 m - a scroll of fog {unknown}
 p - a scroll of identify {unknown}
Potions
 d - 2 potions of might
 g - 2 potions of mutation {unknown}
 k - a potion of brilliance {unknown}
 l - a potion of ambrosia {unknown}
 n - a potion of lignification {unknown}
 t - 2 potions of flight {unknown}
 u - 3 potions of heal wounds {unknown}
Comestibles
 f - 4 bread rations
 h - a royal jelly
 q - 4 fruits
 r - a slice of pizza
 s - 3 chunks of flesh


   Skills:
 - Level 3.6 Fighting
 * Level 7.9 Axes
 + Level 5.4 Armour
 - Level 3.2 Shields
 + Level 3.1 Invocations


You had 6 spell levels left.
You didn't know any spells.


You were on level 4 of the Dungeon.
You worshipped Elyvilon.
Elyvilon was noncommittal.
You were not hungry.

You visited 1 branch of the dungeon, and saw 4 of its levels.
You also visited: Sewer.

You collected 137 gold pieces.

.# #.....# .#
#.....# ##
#.....#
##...## ##.##
#.# #.# #.#
#@# #O# #.#
#.####.#######
#....5........
######.#######
#.# #.#
#.######..

Notes
Turn   | Place    | Note
--------------------------------------------------------------
     0 | D:1      | ololoev the Hill Orc Fighter began the quest for the Orb.
     0 | D:1      | Reached XP level 1. HP: 19/19 MP: 1/1
    37 | D:1      | Reached skill level 3 in Axes
    67 | D:1      | Reached XP level 2. HP: 26/26 MP: 2/2
   200 | D:1      | Reached skill level 4 in Axes
   388 | D:1      | Reached XP level 3. HP: 31/31 MP: 3/3
   882 | D:2      | Found a sparkling altar of Nemelex Xobeh.
   882 | D:2      | Found an opulent altar of Gozag.
  1303 | D:3      | Reached skill level 5 in Axes
  1303 | D:3      | Reached XP level 4. HP: 29/39 MP: 4/4
  1424 | D:3      | Found a glowing drain.
  1431 | Sewer    | Entered a sewer
  1688 | Sewer    | Noticed a big kobold
  1708 | Sewer    | Killed a big kobold
  1708 | Sewer    | Reached skill level 6 in Axes
  1708 | Sewer    | Reached XP level 5. HP: 40/45 MP: 5/5
  1733 | Sewer    | Found a white marble altar of Elyvilon.
  1736 | Sewer    | Became a worshipper of Elyvilon the Healer
  2248 | D:4      | Reached skill level 1 in Invocations
  2248 | D:4      | Reached XP level 6. HP: 49/51 MP: 6/6
  2249 | D:4      | Noticed Natasha
  2256 | D:4      | Killed Natasha
  2271 | D:4      | Noticed mrath's ghost (novice MiFi)
  2276 | D:4      | Noticed Menkaure
  2432 | D:4      | Reached skill level 7 in Axes
  2867 | D:4      | Noticed Natasha
  2878 | D:4      | Killed Natasha
  2904 | D:4      | Reached skill level 5 in Armour
  3058 | D:4      | Found a shadowy altar of Dithmenos.
  3071 | D:4      | Reached XP level 7. HP: 31/57 MP: 7/9
  3479 | D:4      | HP: 1/57 [ogre/giant club (17)]
  3482 | D:4      | Annihilated by an ogre

Dungeon Overview and Level Annotations

Branches:
Dungeon (4/15)
 Temple: D:4-7

Altars:
Dithmenos
Gozag
Nemelex Xobeh

Annotations:
D:4 Menkaure; mrath's ghost, novice MiFi


Message History

No target in view!
No target in view!
No target in view!
Butcher a gnoll corpse? [(y)es/(c)hoosy/(n)o/(a)ll/(e)dible/(q)uit/?]
You butcher the gnoll corpse. x3
s - a chunk of flesh;
s - 2 chunks of flesh (gained 1)
s - 5 chunks of flesh (gained 3)
Things that are here:
a whip x2; a gnoll skeleton
(D) Dungeon
Where to? (Enter - D:3 @ (x,y), ? - help) Eating one of 5 chunks of flesh.
This raw flesh tastes terrible.
You continue eating. x2
You see here a spear.
An adder comes into view.
An adder is nearby!
You hit the adder.
The adder is heavily wounded.
The adder bites you.
You barely miss the adder.
The adder is heavily wounded.
The adder bites you.
You hit the adder.
You kill the adder!
No target in view!
No target in view!
No target in view!
No target in view!
No target in view!
No target in view!
No target in view!
No target in view!
No target in view!
No target in view!
No target in view!
You start resting.
HP restored.
(D) Dungeon
Where to? (Enter - D:3 @ (x,y), ? - help)
You see here an adder corpse.
There is a stone staircase leading down here.
You climb downwards.
Level annotation: Menkaure; mrath's ghost, novice MiFi Mrath's ghost hits you.
There is a stone staircase leading up here.
Mrath's ghost stares at you. Mrath's ghost hits you!
You climb upwards.
There is a stone staircase leading down here.
You see here 23 arrows.
There is a stone staircase leading down here.
You start resting.
Eating one of 4 chunks of flesh.
This raw flesh tastes terrible.
You continue eating. x2
HP restored.
You climb downwards.
Level annotation: Menkaure; mrath's ghost, novice MiFi The ogre shouts!
The ogre hits you with a giant club!!
There is a stone staircase leading up, spattered with blood here.
You are too injured to fight recklessly!
You are too injured to fight recklessly!
You hit the ogre.
The ogre is lightly wounded.
The ogre hits you with a giant club.
You barely miss the ogre.
The ogre is lightly wounded.
The crimson imp blinks!
The ogre hits you with a giant club!
You hit the ogre.
The ogre is moderately wounded.
The ogre hits you with a giant club!
You hit the ogre.
The ogre is heavily wounded.
You barely miss the ogre.
The ogre is heavily wounded.
The ogre closely misses you.
You hit the ogre.
The ogre is heavily wounded.
The ogre hits you with a giant club!!
You die...

You could see an ogre and a crimson imp.

Vanquished Creatures
  An ogre (D:4)
  A big kobold (Sewer)
  A howler monkey (D:4)
  A centaur skeleton (D:4)
  A giant frog skeleton (D:4)
  Natasha (twice) (D:4)
  2 worker ants
  5 adders
  4 gnolls (D:3)
  2 river rats (Sewer)
  2 dart slugs (D:1)
  A giant gecko (D:1)
  5 bats
  4 giant cockroaches
  7 goblins
  6 hobgoblins
  5 jackals
  14 kobolds
  3 ball pythons
  4 giant newts
  6 rats
77 creatures vanquished.

Action                   |  1- 3 |  4- 6 |  7- 9 || total
-------------------------+-------+-------+-------++-------
Melee: War axe           |    84 |   138 |    27 ||   249
  Eat: Chunk             |     1 |     6 |     2 ||     9
Armor: Scale mail        |    38 |    73 |     7 ||   118
Dodge: Dodged            |    53 |    77 |     6 ||   136
Block: Shield            |     2 |       |       ||     2

Vault maps used:
D:1:      onia_arrival_mini_spirals, solitary_fountain
D:2:      grunt_temple_overflow_opulence, first_bread, solitary_fountain
D:3:      lightli_sewer_entry_pipes
D:4:      nicolae_dithmenos_shadow_blocks, uniq_natasha, uniq_sigmund,
          uniq_menkaure
Sewer:    sewer_kobolds
